 Dungeon Crawl Stone Soup version 0.28-a0-224-g76b539d98b (webtiles) character file.

Game seed: 3809709917098865835

1024 porpoise the Skirmisher (level 8, -5/65 HPs)
             Began as a Demonspawn Gladiator on Aug 22, 2021.
             Was a Follower of Nemelex Xobeh.
             Slain by an orc warrior (12 damage)
             ... on level 6 of the Dungeon.
             The game lasted 00:22:10 (5506 turns).

porpoise the Skirmisher (Demonspawn Gladiator)      Turns: 5506, Time: 00:22:11

Health: -5/65      AC: 13    Str: 16    XL:     8   Next: 2%
Magic:  8/8        EV: 11    Int: 13    God:    Nemelex Xobeh [*.....]
Gold:   239        SH:  0    Dex: 14    Spells: 2/7 levels left

rFire   . . .      SeeInvis .   a - +1 trident
rCold   . . .      Faith    .   (no shield)
rNeg    . . .      Spirit   .   k - +0 ring mail
rPois   .          Reflect  .   m - +0 helmet
rElec   .          Harm     .   (no cloak)
rCorr   +          Rampage  .   c - +0 pair of gloves
Will    .....                   v - +1 pair of boots
Stlth   +.........              (no amulet)
HPRegen 0.20/turn               B - +4 ring of protection
MPRegen 0.11/turn               A - ring of resist corrosion

@: no status effects
A: claws 1, demonic guardian 1, ignite blood 2, big brain 1
a: Renounce Religion, Draw Escape, Draw Destruction, Draw Summoning


You were on level 6 of the Dungeon.
You worshipped Nemelex Xobeh.
Nemelex Xobeh was aware of your devotion.
You visited 2 branches of the dungeon, and saw 7 of its levels.

You collected 239 gold pieces.

Inventory:

Hand Weapons
 a - a +1 trident (weapon)
 b - a +0 hunting sling
Missiles
 d - 3 throwing nets (quivered)
 e - 105 stones
 f - 12 poisoned darts
 i - 26 bolts
 z - 5 silver javelins
 C - 39 arrows
 E - 7 sling bullets
Armour
 c - a +0 pair of gloves (worn)
 k - a +0 ring mail (worn)
 m - a +0 helmet (worn)
 n - the +1 leather armour "Nareteydd" {Fly rElec rPois Dex-4}
   (You found it on level 6 of the Dungeon)

   Dex:       It affects your dexterity (-4).
   rElec:     It insulates you from electricity.
   rPois:     It protects you from poison.
   Fly:       It grants you flight.
 v - a +1 pair of boots (worn)
 w - a +0 robe of the Archmagi
Jewellery
 q - a +6 ring of dexterity
 A - a ring of resist corrosion (right hand)
 B - a +4 ring of protection (left hand)
Scrolls
 g - a scroll of vulnerability
 p - 2 scrolls of teleportation
 s - a scroll of enchant weapon
 t - 2 scrolls of blinking
 u - a scroll of identify
Potions
 h - a potion of haste
 j - 3 potions of curing
 l - a potion of ambrosia
 o - a potion of brilliance
 r - a potion of attraction {unknown}


   Skills:
 + Level 6.9 Fighting
 - Level 4.0 Polearms
 - Level 1.7 Throwing
 - Level 2.6 Dodging
 + Level 4.9 Unarmed Combat


You had 2 spell levels left.
You knew the following spells:

 Your Spells              Type           Power      Damage    Failure   Level
i - Ignite Poison         Fire/Tmut/Pois 0%         N/A       87%         3
w - Wereblood             Tmut           0%         N/A       65%         2

Your spell library contained the following spells:

 Spells                   Type           Power      Damage    Failure   Level
 Foxfire                  Conj/Fire      0%         2x1d4     52%         1
 Sublimation of Blood     Necr           0%         N/A       65%         2
 Conjure Flame            Conj/Fire      0%         6-21      87%         3
 Inner Flame              Hex/Fire       0%         N/A       87%         3
 Mephitic Cloud           Conj/Pois/Air  0%         N/A       87%         3
 Bolt of Magma            Conj/Fire/Erth 0%         4d4       100%        5
 Summon Hydra             Summ           0%         N/A       100%        7


Dungeon Overview and Level Annotations

Branches:
Dungeon (6/15)             Temple (1/1) D:4

Altars:
Ashenzari
Cheibriados
Dithmenos
Elyvilon
Gozag
Hepliaklqana
Kikubaaqudgha
Makhleb
Nemelex Xobeh
Okawaru
Qazlal
Ru
Sif Muna
Trog
Uskayaw
Vehumet
Wu Jian
Xom
Yredelemnul
Zin
The Shining One

Annotations:
D:6 Duvessa, Pikel


Innate Abilities, Weirdness & Mutations

You have sharp fingernails.
A weak demonic guardian rushes to your aid.
Your demonic aura often causes spilled blood to erupt in flames.
You have an unusually large brain. (Int +2)


Message History

You feel clever.
You closely miss the orc priest.
You hit the orc warrior but do no damage.
The orc warrior is lightly wounded.
The orc priest calls upon Beogh to heal the orc warrior.
The orc warrior's wounds heal themselves!
You hit the orc warrior.
The orc warrior is lightly wounded.
The orc warrior hits you but does no damage.
Pikel the Slaver comes into view.
He is wielding a +0 whip of flaming.
Pikel shouts!
You hit the orc warrior.
The orc warrior is lightly wounded.
The orc warrior hits you with a +2 vorpal war axe.
You hit the orc warrior but do no damage.
The orc warrior is lightly wounded.
The orc warrior hits you with a +2 vorpal war axe! x2
* * * LOW HITPOINT WARNING * * *
x2 You hit the orc warrior but do no damage.
The orc warrior is lightly wounded.
The orc priest misses you.
The orc warrior hits you with a +2 vorpal war axe.
* * * LOW HITPOINT WARNING * * *
A demonic guardian appears!
* * * LOW HITPOINT WARNING * * *
You hit the orc warrior.
The orc warrior is moderately wounded.
The orc priest hits you but does no damage.
A lemure comes into view.
The orc warrior barely misses you.
The lemure shouts!
You hit the orc warrior.
The orc warrior is heavily wounded.
You hear a shout!
The orc priest hits you with a +0 dagger.
* * * LOW HITPOINT WARNING * * *
Your iron imp closely misses the orc priest.
The orc warrior hits you with a +2 vorpal war axe!
You die...
Your body disappears without a glow.

*,* #.#.###..,* *,* #.###
*,,,******** *,* #5#
*,,,,,,,,,,,
***,***#######<#
**,,*******,
***,,,,,,......#.# *,,* *,
,,,,,***,####....######.,*
*,
***,,,,,,.....5.K.......,*
*,
*,****,####..o○###.###**
*, *,* *,* ##.#@# *,* *,
*,*
*,****#.#o#**,***********,
*,*
*,...(.(().......,,,,,,,,,
*,*
*,.####<......###*********
*,* *,,,,.(..##...# ***,*
**,*###..**...# ,,,,* *,*
#..,,#### *** *********,**
#..***≈******≈**
*,,,,,,,,,*
#..**≈≈≈≈≈≈≈≈≈≈*


You could see Pikel, an orc warrior, a lemure, an orc priest (ally target) and a
friendly iron imp (summoned).

Vanquished Creatures
  A water moccasin (D:6)
  A black bear (D:4)
  A centaur (D:5)
  A phantom (D:6)
  A bullfrog (D:6)
  A wyvern zombie (D:5)
  A water moccasin skeleton (D:5)
  4 wights (D:6)
  A centaur zombie (D:5)
  A jelly (D:5)
  A centaur skeleton (D:4)
  An orc priest (D:6)
  A bullfrog skeleton (D:5)
  A howler monkey zombie (D:6)
  7 adders
  3 gnolls (D:4)
  An adder zombie (D:5)
  3 dart slugs
  9 orcs
  7 ball pythons
  6 bats
  9 endoplasms
  2 giant cockroaches
  5 goblins
  3 hobgoblins
  2 jackals (D:4)
  4 quokkas
  3 frilled lizards
  5 kobolds
  5 rats
91 creatures vanquished.

Vanquished Creatures (others)
  An adder (D:3)
  An orc (D:3)
  11 plants (D:4)
13 creatures vanquished.

Grand Total: 104 creatures vanquished

Notes
Turn   | Place    | Note
-------+----------+-------------------------------------------
     0 | D:1      | porpoise the Demonspawn Gladiator began the quest for the
                  | Orb.
     0 | D:1      | Reached XP level 1. HP: 16/16 MP: 1/1
   362 | D:1      | Gained mutation: Your demonic aura sometimes causes spilled
                  | blood to erupt in flames. [demonic ancestry]
   362 | D:1      | Reached XP level 2. HP: 20/23 MP: 2/2
  1170 | D:2      | Gained mutation: You have sharp fingernails. [demonic
                  | ancestry]
  1170 | D:2      | Reached XP level 3. HP: 23/28 MP: 3/3
  1397 | D:2      | Reached skill level 3 in Fighting
  1799 | D:3      | Found a faded altar of an unknown god.
  2010 | D:3      | Gained mutation: Your demonic aura often causes spilled
                  | blood to erupt in flames. [demonic ancestry]
  2010 | D:3      | Reached XP level 4. HP: 33/35 MP: 4/4
  3120 | D:4      | Reached skill level 4 in Fighting
  3141 | D:4      | Noticed a black bear
  3148 | D:4      | Killed a black bear
  3149 | D:4      | Reached skill level 1 in Unarmed Combat
  3149 | D:4      | Gained mutation: A weak demonic guardian rushes to your
                  | aid. [demonic ancestry]
  3149 | D:4      | Reached XP level 5. HP: 43/43 MP: 5/5
  3327 | D:4      | Found a staircase to the Ecumenical Temple.
  3344 | Temple   | Entered the Ecumenical Temple
  3424 | Temple   | Became a worshipper of Nemelex Xobeh the Trickster
  3548 | D:4      | Learned a level 3 spell: Ignite Poison
  3578 | D:4      | Gained mutation: You have an unusually large brain. (Int
                  | +2) [demonic ancestry]
  3578 | D:4      | Reached XP level 6. HP: 42/50 MP: 6/6
  3628 | D:4      | Learned a level 2 spell: Wereblood
  3865 | D:5      | Entered Level 5 of the Dungeon
  4018 | D:5      | Reached skill level 5 in Fighting
  4655 | D:5      | Reached XP level 7. HP: 44/57 MP: 7/7
  5100 | D:6      | Reached skill level 6 in Fighting
  5325 | D:6      | Identified the +1 leather armour "Nareteydd" {Fly rElec
                  | rPois Dex-4}
  5460 | D:6      | Noticed Duvessa
  5486 | D:6      | Reached * piety under Nemelex Xobeh
  5486 | D:6      | Received a gift from Nemelex Xobeh
  5498 | D:6      | Reached XP level 8. HP: 51/65 MP: 8/8
  5501 | D:6      | Noticed Pikel
  5506 | D:6      | Slain by an orc warrior

Illustrated notes

Levels and vault maps discovered:
D:1:      dpeg_arrival_leaves_temple_mockup, layout_loops_corners
D:2:      layout_basic
D:3:      kb_forest_paths, layout_rooms, ebering_ecumenical_altar_box,
          nrook_loot_triangle, kennysheep_small_spiral, lemuel_old_faithful
D:4:      layout_cave_pools, minmay_temple_entry_water_ring, serial_forest,
          infiniplex_forest_clump_double, infiniplex_forest_lined_room_2,
          infiniplex_forest_clump_double, infiniplex_forest_end_2,
          infiniplex_forest_clump_small, infiniplex_forest_lined_1,
          infiniplex_forest_pool, infiniplex_forest_clump_long,
          infiniplex_forest_clump_long, minmay_bisected
D:5:      layout_basic, kennysheep_cross_room
D:6:      layout_loops_ring, gup_sewer_entry_bubbles, uniq_duvessa,
          uniq_sigmund, uniq_pikel
Temple:   dpeg_three_leaves_temple

Skill      XL: |  1  2  3  4  5  6  7 |
---------------+----------------------+-----
Polearms       | 3 4 |  4.0
Fighting       | 3 4 5 6 |  6.9
Unarmed Combat | 1 2 3 4 |  4.9
Throwing       | |  1.7
Dodging        | |  2.6

Action                   |  1- 3 |  4- 6 |  7- 9 || total
-------------------------+-------+-------+-------++-------
Melee: Trident           |   133 |   115 |    54 ||   302
       Punch             |       |     1 |       ||     1
 Fire: Hunting sling     |       |       |    18 ||    18
Throw: Dart              |       |    33 |       ||    33
       Javelin           |       |     2 |     6 ||     8
       Throwing net      |       |       |     1 ||     1
  Use: Scroll            |       |     7 |     7 ||    14
       Potion            |       |     2 |       ||     2
 Stab: Sleeping          |     2 |       |       ||     2
       Distracted        |       |       |     1 ||     1
Armor: Leather armour    |     5 |       |       ||     5
       Ring mail         |    27 |    39 |    20 ||    86
Dodge: Dodged            |    61 |    68 |    13 ||   142

Table legend: (Time is in decaauts)
 A = Elapsed time spent in this place.
 B = Non-inter-level travel time spent in this place.
 C = Inter-level travel time spent in this place.
 D = Time resting spent in this place.
 E = Time spent auto-exploring this place.
 F = Levels seen in this place.
 G = Mean time per level.
                   A        B        C        D        E       F      G
               +--------+--------+--------+--------+--------+-----+--------+
         Total |   5526 |   5372 |    154 |   1593 |   2751 |   7 |  789.4 |
       Dungeon |   5442 |   5303 |    139 |   1593 |   2693 |   6 |  907.0 |
        Temple |     83 |     68 |     15 |      0 |     58 |   1 |   83.0 |
               +--------+--------+--------+--------+--------+-----+--------+

Top non-repeatable levels by time:
     D:5: 1148 daAuts
     D:1: 1103 daAuts
     D:4: 1100 daAuts
     D:3: 897 daAuts
     D:2: 709 daAuts
     D:6: 481 daAuts
  Temple: 83 daAuts
